AoeStats
← Astroglide

Arabia

505751254Analyzed
1v1 RM · 21d ago on Sep 10, 2026· 39m 52s· 2 players
Game mode
Random Map
Map size
Tiny (2 player)
Population
200
Speed
Normal
Resources
Standard
Victory
Conquest
Starting age
Dark Age
Ending age
Imperial Age
RankedLock teamsTeams togetherTeam positionsShared explorationLock speedFull tech treeHidden civsTurbo modeCheats
Victory
Defeat
🇺🇸 Goths · United States
1396
+16
🇦🇷 Wei · Argentina
1400
-16
Astroglide
0:43 Loom
9:45 Feudal Age
14:01 Man-at-Arms
16:58 Double-Bit Axe
23:15 Fletching
26:05 Scale Mail Armor
32:31 Castle Age
33:15 Long Swordsman
33:56 Squires
Ricardo Arjona
6:41 Loom
9:28 Feudal Age
26:00 Fletching
29:15 Double-Bit Axe
34:26 Castle Age
35:19 Bodkin Arrow
36:40 Town Watch
Connection lost

Rejoining the realm…

Still unreachable

The connection could not be restored.

Session expired

The server has moved on; the page needs a fresh start.